 Dungeon Crawl Stone Soup version 0.30.0-20-g3615ddf2f0 (webtiles) character file.

Game seed: 10804382979914040317

497 qw the Chopper (level 7, 0/43 HPs)
             Began as a Gargoyle Fighter on May 29, 2023.
             Slain by an orc priest
             ... wielding a +0 whip
              (1 damage)
             ... on level 5 of the Dungeon.
             The game lasted 00:01:55 (3543 turns).

qw the Chopper (Gargoyle Fighter)                   Turns: 3543, Time: 00:01:56

Health: 0/43       AC: 21    Str: 22    XL:     7   Next: 16%
Magic:  7/7        EV:  8    Int:  8    God:
Gold:   216        SH:  9    Dex:  9    Spells: 6/6 levels left

rFire   + . .        Y - +0 war axe (freeze)
rCold   . . .        c - +0 buckler
rNeg    + . .        r - +0 chain mail
rPois   inf          j - +0 helmet
rElec   +            m - +0 cloak
rCorr   .            f - +0 pair of gloves
SInv    .            (no boots)
Will    .....        n - amulet of reflection Stlth
                     k - +4 ring of protection
HPRegen 0.27/turn    g - ring of protection from fire
MPRegen 0.10/turn

%: reflection
@: no status effects
A: sickness immunity, AC +4, negative energy resistance 1, electricity
resistance, torment resistance 1, petrification resistance
a: no special abilities


You were on level 5 of the Dungeon.
You visited 1 branch of the dungeon, and saw 5 of its levels.

You collected 216 gold pieces.


Innate Abilities, Weirdness & Mutations

You are immune to sickness and miasma.
Your stone body is resilient. (AC +4)
You are immune to poison.
You resist negative energy. (rN+)
You are resistant to electric shocks. (rElec)
You are resistant to unholy torment.
You are immune to petrification.


   Skills:
 - Level 4.0 Fighting
 + Level 6.3 Axes
 - Level 3.2 Armour
 - Level 1.2 Dodging
 - Level 3.2 Shields


You had 6 spell levels left.
You didn't know any spells.
Your spell library was empty.

Inventory:

Hand Weapons
 v - a +0 flail of protection
 Y - a +0 war axe of freezing (weapon)
Armour
 c - a +0 buckler (worn)
 f - a +0 pair of gloves (worn)
 j - a +0 helmet (worn)
 m - a +0 cloak (worn)
 r - a +0 chain mail (worn)
Jewellery
 g - a ring of protection from fire (right hand)
 k - a +4 ring of protection (left hand)
 l - a +6 ring of dexterity
 n - an amulet of reflection (around neck)
Scrolls
 a - 3 scrolls of identify
Potions
 d - 2 potions of might
 e - 2 potions of haste
 h - a potion of mutation
 i - a potion of resistance

Dungeon Overview and Level Annotations

Branches:
Dungeon (5/15)
 Temple: D:4-7

Altars:
Elyvilon
Fedhas

Shops:
D:4 [

Annotations:
D:2 1 runed translucent door, Crazy Yiuf
D:3 2 transporters


Message History

The orc wizard points at you and mumbles some strange words.
The magic dart hits you but does no damage.
The gnoll hits you from afar with a +0 halberd.
The gnoll hits you with a +0 whip. Something hits you but does no damage.
You block the orc's attack. The ufetubus closely misses you.
The ufetubus barely misses you. Something hits you but does no damage.
The gnoll hits you from afar with a +0 halberd.
The orc priest hits you but does no damage.
You block the gnoll's attack. The orc hits you with a +0 flail.
You block the orc wizard's attack.
You barely miss the orc wizard.
The orc wizard is almost dead.
You closely miss the orc. You slash the ufetubus!
You kill the ufetubus!
You slash the gnoll! You freeze the gnoll.
You kill the gnoll!
You hit the orc priest. You freeze the orc priest. You closely miss something.
You closely miss the gnoll. The orc closely misses you.
The orc priest hits you but does no damage.
The orc wizard casts a spell at you.
The magic dart hits you but does no damage.
The gnoll hits you but does no damage. Something hits you but does no damage.
The gnoll closely misses you.
You slash the orc wizard! You freeze the orc wizard.
You kill the orc wizard!
You barely miss something. You hit the gnoll. You freeze the gnoll.
You closely miss the orc. You barely miss the orc priest.
Something hits you but does no damage. You block the orc's attack.
The orc priest barely misses you. The gnoll closely misses you.
The gnoll hits you but does no damage.
You slash the gnoll! You freeze the gnoll.
You kill the gnoll!
You closely miss the orc priest. You barely miss something. You hit the orc.
You freeze the orc.
You kill the orc!
You hear some strange, mumbled words.
A puff of flame appears from out of thin air!
The puff of flame hits you. You resist. The orc priest hits you with a +0 whip.
You die...

..... ....
...... ....
...... ....
..#.... ......
..##...###..#...
..$......#.#....
.......o))......
......g{@)..#
g......).).##
...........##
.......<....#
.......>##.....
..###...# .....
. ##... ..###.
.... ..# .....#


You could see an orc priest and a gnoll.

Vanquished Creatures
  Edmund (D:4)
  A scorpion (D:4)
  A hound (D:4)
  Jessica (D:2)
  3 orc wizards
  8 adders
  2 gnolls (D:5)
  An ufetubus (D:5)
  2 worms
  3 dart slugs
  14 orcs
  5 ball pythons
  7 endoplasms
  A giant cockroach (D:3)
  9 goblins
  3 hobgoblins
  6 jackals
  3 quokkas
  7 bats
  6 frilled lizards
  6 kobolds
  4 rats
94 creatures vanquished.

Notes
Turn   | Place    | Note
-------+----------+-------------------------------------------
     0 | D:1      | qw the Gargoyle Fighter began the quest for the Orb.
     0 | D:1      | Reached XP level 1. HP: 14/14 MP: 1/1
     0 | D:1      | 0 ||| qw: Version: 0.2-a-102-g2b76a06
     0 | D:1      | 0 ||| qw: Game counter: 454
     0 | D:1      | 0 ||| qw: Always use a shield: true
     0 | D:1      | 0 ||| qw: God list: Okawaru
     0 | D:1      | 0 ||| qw: Allow faded altars: false
     0 | D:1      | 0 ||| qw: Do Orc after D:15 true
     0 | D:1      | 0 ||| qw: Do second Lair branch before Depths: true
     0 | D:1      | 0 ||| qw: Lair rune preference: random
     0 | D:1      | 0 ||| qw: Plans: Normal, Zot:1-4, Slime:5, God:TSO, Crypt,
                  | Tomb, Pan, Hells, Abyss, Win
     0 | D:1      | 0 ||| PLANNING D:1-11
    59 | D:1      | Reached skill level 2 in Axes
   202 | D:1      | Reached XP level 2. HP: 19/19 MP: 2/2
   423 | D:1      | 423 ||| Stepping ~*~*~tactically~*~*~ (stealth).
   740 | D:1      | 740 ||| READING 3 scrolls labelled ZOPONW NOAN.
   741 | D:1      | 741 ||| READING scroll labelled VUFFOUDETI.
   742 | D:1      | 742 ||| DRINKING 2 sedimented black potions.
   743 | D:1      | 743 ||| DRINKING 2 smoky cyan potions.
   744 | D:1      | 744 ||| DROPPING potion of degeneration.
   794 | D:2      | Reached skill level 3 in Axes
   811 | D:2      | Reached XP level 3. HP: 20/23 MP: 3/3
   888 | D:2      | Noticed Jessica
   889 | D:2      | 889 ||| Stepping ~*~*~tactically~*~*~ (hiding).
   891 | D:2      | 891 ||| Stepping ~*~*~tactically~*~*~ (hiding).
   893 | D:2      | Killed Jessica
   894 | D:2      | Reached XP level 4. HP: 28/28 MP: 4/4
   913 | D:2      | 913 ||| Stepping ~*~*~tactically~*~*~ (stealth).
   983 | D:2      | Reached skill level 4 in Axes
  1179 | D:2      | Found a white marble altar of Elyvilon.
  1282 | D:2      | 1282 ||| Stepping ~*~*~tactically~*~*~ (hiding).
  1588 | D:2      | Found a runed translucent door.
  1589 | D:2      | Noticed Crazy Yiuf
  1680 | D:2      | 1680 ||| UPGRADING to ring of protection from fire.
  1681 | D:2      | 1681 ||| READING scroll labelled GES LUR BAN.
  1682 | D:2      | 1682 ||| READING 2 scrolls of identify.
  1682 | D:2      | 1682 ||| IDENTIFYING blue potion
  1777 | D:3      | Found a transporter.
  1784 | D:3      | Found a transporter.
  1827 | D:3      | Reached XP level 5. HP: 32/32 MP: 5/5
  2078 | D:3      | 2078 ||| DROPPING +0 club.
  2160 | D:3      | 2160 ||| Stepping ~*~*~tactically~*~*~ (stealth).
  2233 | D:3      | 2233 ||| Stepping ~*~*~tactically~*~*~ (stealth).
  2250 | D:3      | 2250 ||| Stepping ~*~*~tactically~*~*~ (stealth).
  2664 | D:3      | Found a blossoming altar of Fedhas.
  2686 | D:3      | 2686 ||| UPGRADING to +0 pair of gloves.
  2691 | D:3      | 2691 ||| UPGRADING to +0 helmet.
  2696 | D:3      | 2696 ||| UPGRADING to +0 cloak.
  2701 | D:3      | 2701 ||| UPGRADING to +6 ring of dexterity.
  2702 | D:3      | 2702 ||| UPGRADING to +4 ring of protection.
  2704 | D:3      | 2704 ||| UPGRADING to ring of protection from fire.
  2706 | D:3      | 2706 ||| READING scroll labelled ILLYFE CORPHEJU.
  2786 | D:4      | Reached skill level 5 in Axes
  2817 | D:4      | 2817 ||| Stepping ~*~*~tactically~*~*~ (hiding).
  2822 | D:4      | 2822 ||| Stepping ~*~*~tactically~*~*~ (hiding).
  3081 | D:4      | Found Feunal Hepta's Antique Armour Shop.
  3105 | D:4      | Noticed Edmund
  3112 | D:4      | Reached skill level 1 in Dodging
  3112 | D:4      | Reached XP level 6. HP: 38/38 MP: 6/6
  3131 | D:4      | Killed Edmund
  3158 | D:4      | 3158 ||| Stepping ~*~*~tactically~*~*~ (stealth).
  3159 | D:4      | 3159 ||| Stepping ~*~*~tactically~*~*~ (stealth).
  3174 | D:4      | 3174 ||| DROPPING +0 flail.
  3192 | D:4      | Reached skill level 6 in Axes
  3496 | D:4      | 3496 ||| UPGRADING to +0 chain mail.
  3506 | D:4      | 3506 ||| DROPPING +0 scale mail.
  3507 | D:4      | 3507 ||| UPGRADING to amulet of reflection.
  3512 | D:4      | 3512 ||| READING scroll labelled HOSA KIW NAB.
  3512 | D:4      | Identified a scroll of acquirement
  3512 | D:4      | 3512 ||| ACQUIRING +5 war axe "Ceuweewk" {flame, rElec
                  | Str+6 Dex-5 SInv}
  3512 | D:4      | Acquired the +5 war axe "Ceuweewk" {flame, rElec Str+6
                  | Dex-5 SInv}
  3513 | D:4      | 3513 ||| READING scroll labelled LOUSMA HAKA.
  3514 | D:4      | 3514 ||| READING scroll labelled EMEROTTANYN.
  3515 | D:4      | 3515 ||| READING scroll labelled JOHUCOKUFY.
  3516 | D:4      | 3516 ||| READING 6 scrolls of identify.
  3516 | D:4      | 3516 ||| IDENTIFYING brown potion
  3517 | D:4      | 3517 ||| READING 5 scrolls of identify.
  3517 | D:4      | 3517 ||| IDENTIFYING fizzy white potion
  3518 | D:4      | 3518 ||| READING 4 scrolls of identify.
  3518 | D:4      | 3518 ||| IDENTIFYING golden potion
  3519 | D:4      | 3519 ||| DROPPING potion of flight.
  3527 | D:5      | Entered Level 5 of the Dungeon
  3535 | D:5      | Reached XP level 7. HP: 43/43 MP: 7/7
  3536 | D:5      | 3536 ||| DRINKING potion of curing.
  3536 | D:5      | 3536 ||| (to cure confusion)
  3540 | D:5      | HP: 7/43 [gnoll/+0 whip[a gnoll sergeant] (4)]
  3540 | D:5      | HP: 2/43 [orc/+0 flail (4)]
  3543 | D:5      | Slain by an orc priest

Levels and vault maps discovered:
D:1:      dreamdust_arrival_sigmund_warning, layout_loops_ring,
          serial_bayou_pond_a, kennysheep_pointless_box
D:2:      layout_basic, basic_altar, uniq_jessica, uniq_crazy_yiuf_cottage
D:3:      gammafunk_steamed_eel, layout_loops_corners,
          mainiacjoe_overflow_alcove_1, kennysheep_generic_room_6
D:4:      layout_cave_pools, serial_shops, nicolae_take_the_stairs, uniq_edmund
D:5:      layout_cave_pools

Skill      XL: |  1  2  3  4  5  6 |
---------------+-------------------+-----
Axes           | 2 3 4 5 6 |  6.3
Fighting       | 4 |  4.0
Dodging        | 1 |  1.2
Armour         | |  3.2
Shields        | |  3.2

Action                     |  1- 3 |  4- 6 |  7- 9 || total
---------------------------+-------+-------+-------++-------
  Melee: War axe           |    98 |   228 |     8 ||   334
    Use: Scroll            |     2 |    10 |       ||    12
         Potion            |     2 |       |     1 ||     3
 Armour: Scale mail        |    59 |   136 |       ||   195
         Chain mail        |       |     5 |    24 ||    29
  Dodge: Dodged            |    57 |    99 |    17 ||   173
  Block: Buckler           |    18 |    54 |    10 ||    82
         Reflection        |       |       |     1 ||     1

Table legend:
 A = Non-vault XP
 B = Vault XP
 C = Vault XP percentage of total XP
 D = Non-vault monster count
 E = Vault monster count
 F = Vault count percentage of total count
                 A         B        C        D         E       F
            +---------+---------+-------+---------+---------+-------
      Total |     528 |     201 |  27.6 |      92 |       2 |   2.1
            +---------+---------+-------+---------+---------+-------
        D:1 |      28 |       0 |   0.0 |      18 |       0 |   0.0
        D:2 |      93 |      37 |  28.5 |      26 |       1 |   3.7
        D:3 |      66 |       0 |   0.0 |      19 |       0 |   0.0
        D:4 |     215 |     164 |  43.3 |      18 |       1 |   5.3
        D:5 |     126 |       0 |   0.0 |      11 |       0 |   0.0
            +---------+---------+-------+---------+---------+-------
